 Dungeon Crawl Stone Soup version 0.27.1-34-g3ba077fa99 (webtiles) character file.

Game seed: 7713460664926017192

914734 Delamore the Slayer (level 27, 0/247 HPs)
             Began as a Formicid Fighter on Jan 23, 2022.
             Was an Initiate of Gozag.
             Killed by a royal mummy's death curse (20 damage)
             ... on level 19 of a ziggurat.
             The game lasted 02:59:01 (121874 turns).

Delamore the Slayer (Formicid Fighter)            Turns: 121874, Time: 02:59:01

Health: 0/247      AC: 43    Str: 28 (30) XL:     27
Magic:  41/41      EV: 11    Int: 17      God:    Gozag
Gold:   3220       SH: 24    Dex:  8 (10) Spells: 54/64 levels left

rFire    + + +     SeeInvis +   (no weapon)
rCold    + + +     Faith    .   z - +1 tower shield
rNeg     + + .     Spirit   .   Y - +12 gold dragon scales
rPois    +         Reflect  .   (helmet unavailable)
rElec    +         Harm     .   S - scarf {rC+ rF+}
rCorr    +         Rampage  +   i - +3 pair of gauntlets of War {Slay+5}
Will     +++++     Clarity  +   m - +2 pair of boots {rampage}
Stlth    ..........             b - amulet of the Four Winds {rN+ Will+++ Clar}
HPRegen  0.51/turn              H - ring of Wassoq {rC+ rN+ Will+ Str+3}
MPRegen  0.27/turn              W - +4 ring of slaying

@: mighty, lethally poisoned (0 -> -18), resistant, gold aura, very slightly
contaminated, studying 4 skills, invisible
A: permanent stasis, dig shafts and tunnels, antennae 3, four strong arms,
clever 1, low mp 1, sense surroundings 1, poison resistance
}: 4/15 runes: decaying, silver, abyssal, gossamer
a: Dig, Shaft Self, Renounce Religion, Potion Petition, Call Merchant, Bribe
Branch


You were on level 19 of a ziggurat.
You worshipped Gozag.
Gozag was most pleased with you.
You visited 13 branches of the dungeon, and saw 56 of its levels.
You visited the Abyss 2 times.
You visited 1 bazaar.
You visited 1 ziggurat, and saw 19 of its levels.
You also visited: Trove and Volcano.

You collected 42695 gold pieces.
You spent 6713 gold pieces at shops.
You paid 32762 gold pieces to Gozag.

Inventory:

Hand Weapons
 j - the +16 lance "Wyrmbane" {slay drac, rPois rF+ rC+ AC+3}
   (You found it on level 5 of the Realm of Zot)

   It inflicts extra damage against dragons and draconians.
   AC:        It affects your AC (+3).
   rF:        It protects you from fire.
   rC:        It protects you from cold.
   rPois:     It protects you from poison.
 o - a +9 bardiche of freezing
 P - a +0 bardiche of freezing
 Q - a +9 trishula of holy wrath
Missiles
 v - a throwing net
 D - 25 boomerangs
 E - 12 silver javelins (quivered)
 T - 11 silver boomerangs
Armour
 i - the +3 pair of gauntlets of War (worn) {Slay+5}
   (You bought it in a shop on level 1 of the Depths)

   Slay:      It affects your accuracy & damage with ranged weapons and melee
   (+5).
 l - the +4 tower shield of Guczog {*Corrode rPois Str+4 Dex+4}
   (You bought it in a shop on level 10 of the Dungeon)

   Str:       It affects your strength (+4).
   Dex:       It affects your dexterity (+4).
   rPois:     It protects you from poison.
   *Corrode:  It may corrode you when you take damage.
 m - a +2 pair of boots of rampaging (worn)
 z - a +1 tower shield (worn)
 S - a scarf of resistance (worn)
 Y - +12 gold dragon scales (worn)
Jewellery
 b - the amulet of the Four Winds (around neck) {rN+ Will+++ Clar}
   (You bought it in a shop on level 3 of the Lair of Beasts)

   [amulet of nothing]

   rN:        It protects you from negative energy.
   Clar:      It protects you against confusion.
   Will:      It greatly increases your willpower.
 c - the ring of Finality {Drain rN+ Will+++ rCorr Dex+2}
   (You took it off a centaur warrior on level 15 of the Dungeon)

   [ring of positive energy]

   Dex:       It affects your dexterity (+2).
   rN:        It protects you from negative energy.
   rCorr:     It protects you from acid and corrosion.
   Drain:     It drains your maximum health when unequipped.
   Will:      It greatly increases your willpower.
 p - the ring of the Mage {Wiz Will++ Int+3}
   (You found it on level 13 of a ziggurat)

   [ring of wizardry]

   It improves your spell success rate.
   Int:       It affects your intelligence (+3).
   Will:      It greatly increases your willpower.
 H - the ring of Wassoq (left hand) {rC+ rN+ Will+ Str+3}
   (You found it in a treasure trove)

   [ring of willpower]

   Str:       It affects your strength (+3).
   rC:        It protects you from cold.
   rN:        It protects you from negative energy.
   Will:      It increases your willpower.
 K - the ring "Ipieke" {rElec rCorr Dex+7}
   (You found it on level 17 of a ziggurat)

   [ring of resist corrosion]

   Dex:       It affects your dexterity (+7).
   rElec:     It insulates you from electricity.
   rCorr:     It protects you from acid and corrosion.
 M - the ring of Xuek {rC+ rCorr}
   (You found it on level 4 of a ziggurat)

   [ring of resist corrosion]

   rC:        It protects you from cold.
   rCorr:     It protects you from acid and corrosion.
 W - a +4 ring of slaying (right hand)
Wands
 h - a wand of mindburst (89)
 s - a wand of acid (12)
 t - a wand of paralysis (52)
 J - a wand of iceblast (59)
 V - a wand of flame (198)
Scrolls
 e - 8 scrolls of immolation
 r - a scroll of holy word
 y - 5 scrolls of silence
 B - 8 scrolls of enchant weapon
 C - 10 scrolls of magic mapping
 F - 2 scrolls of fear
 I - 6 scrolls of summoning
 O - 9 scrolls of fog
 R - 2 scrolls of enchant armour
Potions
 a - 5 potions of resistance
 d - 8 potions of might
 f - 9 potions of ambrosia
 n - 4 potions of invisibility
 q - 3 potions of cancellation
 w - 7 potions of mutation
 x - 15 potions of flight
 A - 2 potions of heal wounds
 N - 14 potions of curing
Miscellaneous
 g - a phantom mirror (inert)
 k - a phial of floods
 u - a box of beasts (inert)
 G - a lightning rod (4/4)
 L - a condenser vane (inert)
 Z - a tin of tremorstones (inert)


   Skills:
 - Level 26.6 Fighting
 - Level 26.0 Polearms
 - Level 20.0 Throwing
 - Level 20.0 Armour
 - Level 17.2 Dodging
 - Level 20.0 Shields
 + Level 19.3 Spellcasting
 + Level 13.8 Necromancy
 - Level 11.0 Translocations
 * Level 14.8 Transmutations
 - Level 16.3 Earth Magic
 - Level 20.0 Evocations


You had 54 spell levels left.
You knew the following spells:

 Your Spells              Type           Power      Damage    Failure   Level
a - Lesser Beckoning      Tloc           26%        N/A       1%          3
b - Borgnjor's Vile Clut  Necr/Erth      30%        N/A       2%          5
c - Wereblood             Tmut           61%        N/A       1%          2

Your spell library contained the following spells:

 Spells                   Type           Power      Damage    Failure   Level
 Animate Skeleton         Necr           100%       N/A       1%          1
 Apportation              Tloc           100%       N/A       1%          1
 Pain                     Necr           100%       1d9       1%          1
 Sandblast                Erth           100%       2d20      1%          1
 Sting                    Tmut/Pois      100%       1d8       1%          1
 Passwall                 Tmut/Erth      51%        N/A       1%          2
 Sublimation of Blood     Necr           29%        N/A       1%          2
 Gell's Gravitas          Tloc           26%        N/A       1%          3
 Teleport Other           Tloc           52%        N/A       1%          3
 Vampiric Draining        Necr           29%        2d10      1%          3
 Animate Dead             Necr           29%        N/A       1%          4
 Dispel Undead            Necr           59%        3d21      1%          4
 Lee's Rapid Deconstruct  Erth           32%        3d17*     1%          5
 Blade Hands              Tmut           30%        N/A       2%          5
 Corpse Rot               Necr/Air       N/A        N/A       3%          2
 Agony                    Necr           59%        N/A       3%          5
 Excruciating Wounds      Necr           29%        N/A       3%          5
 Statue Form              Tmut/Erth      41%        N/A       10%         6
 Manifold Assault         Tloc           52%        N/A       11%         5
 Portal Projectile        Hex/Tloc       70%        N/A       12%         3
 Leda's Liquefaction      Hex/Erth       22%        N/A       13%         4
 Ignite Poison            Fire/Tmut/Pois 33%        N/A       16%         3
 Ice Form                 Ice/Tmut       41%        N/A       19%         4
 Death Channel            Necr           29%        N/A       21%         6
 Corona                   Hex            17%        N/A       36%         1
 Foxfire                  Conj/Fire      64%        2x1d7     36%         1
 Freeze                   Ice            64%        1d8       36%         1
 Magic Dart               Conj           64%        1d6       36%         1
 Shock                    Conj/Air       64%        1d7       36%         1
 Summon Small Mammal      Summ           64%        N/A       36%         1
 Iskenderun's Mystic Bla  Conj/Tloc      35%        2d8       36%         4
 Alistair's Intoxication  Tmut/Pois      27%        N/A       45%         5
 Call Imp                 Summ           16%        N/A       50%         2
 Ensorcelled Hibernation  Hex/Ice        32%        N/A       50%         2
 Poisonous Vapours        Pois/Air       32%        N/A       50%         2
 Searing Ray              Conj           32%        3d4       50%         2
 Slow                     Hex            16%        N/A       50%         2
 Static Discharge         Conj/Air       16%        N/A       50%         2
 Summon Forest            Summ/Tloc      17%        N/A       73%         5
 Call Canine Familiar     Summ           16%        N/A       75%         3
 Confusing Touch          Hex            16%        N/A       75%         3
 Conjure Flame            Conj/Fire      16%        6-21      75%         3
 Dazzling Flash           Conj/Hex       32%        N/A       75%         3
 Frozen Ramparts          Ice            32%        1d5       75%         3
 Inner Flame              Hex/Fire       16%        N/A       75%         3
 Mephitic Cloud           Conj/Pois/Air  16%        N/A       75%         3
 Ozocubu's Armour         Ice            16%        N/A       75%         3
 Summon Guardian Golem    Hex/Summ       16%        N/A       75%         3
 Bolt of Magma            Conj/Fire/Erth 17%        4d9       75%         5
 Iron Shot                Conj/Erth      22%        9d5       90%         6
 Eringya's Noxious Bog    Tmut/Pois      20%        N/A       95%         6
 Airstrike                Air            8%         N/A       98%         4
 Cause Fear               Hex            8%         N/A       98%         4
 Fulminant Prism          Conj/Hex       8%         3d7       98%         4
 Hailstorm                Conj/Ice       16%        3d6       98%         4
 Olgreb's Toxic Radiance  Pois           16%        N/A       98%         4
 Sticky Flame             Conj/Fire      16%        2d4       98%         4
 Summon Ice Beast         Ice/Summ       16%        N/A       98%         4
 Summon Lightning Spire   Summ/Air       16%        N/A       98%         4
 Simulacrum               Ice/Necr       20%        N/A       98%         6
 Fireball                 Conj/Fire      8%         3d6       100%        5
 Freezing Cloud           Conj/Ice/Air   8%         6-21      100%        5
 Iskenderun's Battlesphe  Conj           16%        2d7       100%        5
 Lightning Bolt           Conj/Air       8%         1d20      100%        5
 Metabolic Englaciation   Hex/Ice        8%         N/A       100%        5
 Summon Mana Viper        Hex/Summ       16%        N/A       100%        5
 Conjure Ball Lightning   Conj/Air       8%         3x3d6     100%        6
 Invisibility             Hex            8%         N/A       100%        6
 Shadow Creatures         Summ           N/A        N/A       100%        6
 Starburst                Conj/Fire      8%         6d4       100%        6
 Haunt                    Necr/Summ      20%        N/A       100%        7
 Monstrous Menagerie      Summ           8%         N/A       100%        7
 Orb of Destruction       Conj           8%         9d4       100%        7
 Ozocubu's Refrigeration  Ice            8%         4d6       100%        7
 Spellforged Servitor     Conj/Summ      8%         N/A       100%        7
 Storm Form               Tmut/Air       20%        N/A       100%        7
 Summon Hydra             Summ           8%         N/A       100%        7
 Borgnjor's Revivificati  Necr           29%        N/A       100%        8
 Discord                  Hex            8%         N/A       100%        8
 Disjunction              Tloc           26%        N/A       100%        8
 Ignition                 Fire           8%         3d5       100%        8
 Infestation              Necr           29%        N/A       100%        8
 Lehudib's Crystal Spear  Conj/Erth      22%        10d6      100%        8
 Maxwell's Capacitive Co  Air            8%         ∞         100%        8
 Necromutation            Tmut/Necr      30%        N/A       100%        8
 Chain Lightning          Conj/Air       8%         3d10      100%        9
 Death's Door             Necr           29%        N/A       100%        9
 Fire Storm               Conj/Fire      8%         8d2       100%        9
 Polar Vortex             Ice            8%         N/A       100%        9
 Blink                    Tloc           Unusable   N/A       N/A         2
 Swiftness                Air            Unusable   N/A       N/A         3

Dungeon Overview and Level Annotations

Branches:
Dungeon (15/15)            Temple (1/1) D:4            Lair (6/6) D:10
  Swamp (4/4) Lair:3       Spider (4/4) Lair:4        Slime (0/5) Lair:6
    Orc (2/2) D:10            Elf (3/3) Orc:2        Vaults (5/5) D:14
  Crypt (3/3) Vaults:3       Tomb (0/3) Crypt:3      Depths (5/5) D:15
   Hell (visited)             Dis (0/7) Hell            Geh (0/7) Hell
    Coc (0/7) Hell            Tar (2/7) Hell            Zot (5/5) Depths:5
Volcano (visited)

Altars:
Ashenzari
Cheibriados
Dithmenos
Elyvilon
Fedhas
Gozag
Hepliaklqana
Kikubaaqudgha
Makhleb
Nemelex Xobeh
Okawaru
Qazlal
Ru
Sif Muna
Trog
Uskayaw
Vehumet
Wu Jian
Xom
Yredelemnul
Zin
The Shining One
Beogh
Jiyva

Shops:
D:10 [[   D:15 [   Orc:2 ((=(:   Elf:2 [   Lair:3 ==   Lair:4 ?   Vaults:4 *
Vaults:5 (   Zot:1 (!=   Depths:1 ?(:*([   Depths:5 =(=

Portals:
Hell: Depths:1 Depths:2 Depths:3 Depths:4 Depths:5
Abyss: Depths:3 Depths:4
Pandemonium: Depths:3

Annotations:
Elf:2 1 runed translucent door
Vaults:1 2 transporters, exclusion: obsidian statue
Depths:2 1 runed translucent door


Innate Abilities, Weirdness & Mutations

You cannot be hasted, slowed, berserked, paralysed or teleported.
You can dig through walls and to a lower floor.
You have a pair of large antennae on your head. (SInv)
Your four strong arms can wield two-handed weapons with a shield.
Your mind is acute. (Int +2)
Your magical capacity is low. (-10% MP)
You passively map a small area around you.
Your system is resistant to poisons. (rPois)


Message History

* * * LOW HITPOINT WARNING * * *
Okay, then. [a] - 294 gold - resistance and might [b] - 210 gold - resistance [c] - 100 gold - heal wounds Purchase which effect?
You feel much better.
* * * LOW HITPOINT WARNING * * *
You feel very sick.
The emperor scorpion is no longer distracted by gold.
The death scarab is distracted by your dazzling golden aura.
The emperor scorpion is engulfed in acidic fog.
The emperor scorpion is splashed with acid.
The emperor scorpion seems to be corroded for longer.
You block the emperor scorpion's attack.
The emperor scorpion barely misses you.
The emperor scorpion claws you but does no damage.
The emperor scorpion is engulfed in acidic fog.
The emperor scorpion is splashed with acid.
The emperor scorpion seems to be corroded for longer.
The death scarab is engulfed in acidic fog.
The death scarab is splashed with acid.
The emperor scorpion is engulfed in acidic fog.
The emperor scorpion is splashed with acid.
The emperor scorpion seems to be corroded for longer.
The mummy is engulfed in acidic fog.
The mummy is splashed with acid.
The acid corrodes the mummy!
You destroy the mummy!
You block the royal mummy's attack.
The death scarab is distracted by your dazzling golden aura.
The emperor scorpion is distracted by your dazzling golden aura.
The royal mummy is engulfed in acidic fog.
The royal mummy is splashed with acid.
The royal mummy seems to be corroded for longer.
You destroy the royal mummy!
The emperor scorpion disappears in a puff of smoke! x4
You feel extremely nervous for a moment...
Pain shoots through your body!!
You die...
Your body crumbles into a pile of gold.

▓▓▓ * ▓▓... ...$
▓▓....,.M$. , *
▓▓...# {.$(.
▓▓...# #Ms○.(*
▓▓....##§sZ☼..
▓▓...ssB§sMM..M
▓▓.B.s@M§§M§MZZ.
▓.∩...sssB§§B(.(
▓▓....§B°zM§$M..
▓▓...s..§§§$○§.
, ,
▓▓....##§§§°.( *
▓▓...#*#§.§..
▓▓...# ..... *
▓▓....,....
▓▓... ....


You could see 2 royal mummies, 10 emperor scorpions, a guardian mummy, 5 death
scarabs, a flying skull, 5 mummies, a storm dragon skeleton (wandering) and an
iron dragon skeleton (wandering).

Vanquished Creatures
  10 dread liches
  5 orbs of fire
  9 ancient liches
  Mennas (Depths:5)
  Mara (Crypt:1)
  The ghost of Kaptain the Petrodigitator, a legendary GrEE (Zot:5)
  2 juggernauts
  5 royal mummies
  The ghost of Roocroe the Impregnable, a veteran MiGl of Hepliaklqana (Crypt:1)
  The ghost of MackTheFife the Hill Orc Mishap, a veteran HOGl of Qazlal (Vaults:2)
  3 Killer Klowns (Zot:5)
  Bai Suzhen (Elf:3)
  The ghost of rgbqcd the Executioner, a veteran MiBe of Trog (Vaults:2)
  Margery (Depths:3)
  Saint Roka (Elf:3)
  A caustic shrike (Depths:2)
  2 curse toes
  Geryon (Hell)
  3 profane servitors
  Nikola (Elf:1)
  The ghost of Jetyrhek the Devastator, a veteran GrEE of Lugonu (Crypt:1)
  The ghost of Zoalos the Devastator, a veteran GrEE of Lugonu (Crypt:1)
  15 golden dragons
  8 bone dragons
  A pandemonium lord (Zig:9)
  7 doom hounds
  The ghost of Cumaymy the Spry, an adept MfAK of Lugonu (Crypt:1)
  19 Tzitzimimeh
  4 electric golems
  3 Brimstone Fiends
  25 Orb Guardians (Zot:5)
  The ghost of DildoBatman the Earth Mage, an adept FoCj of Gozag (Vaults:2)
  29 tentacled monstrosities
  The ghost of Xafer the Impaler, an adept DsGl of Okawaru (Vaults:3)
  6 deep elf blademasters
  Asterion (Elf:1)
  An Ice Fiend (Zig:9)
  The ghost of Vimusuoff the Slayer, an adept MiFi of Wu Jian (Swamp:2)
  9 liches
  3 titans
  6 deep elf master archers
  9 quicksilver dragons
  An Executioner (Abyss:1)
  7 death cobs
  20 tentacled starspawn
  Frances (Swamp:2)
  Agnes (Elf:1)
  8 sphinxes
  16 ancient champions
  16 draconian monks
  15 storm dragons
  10 tengu reavers
  4 thorn hunters
  15 shadow dragons
  2 orc warlords
  11 fire giants
  Roxanne (Spider:4)
  A revenant (Crypt:2)
  The ghost of M0nkeyB0y the Tortoise, a journeyman MiBe of Trog (Spider:2)
  A fenstrider witch (Zig:18)
  3 balrugs
  6 iron dragons
  11 frost giants
  20 ghost moths
  7 deep elf sorcerers
  7 nagarajas
  2 cacodemons
  Aizul (Depths:2)
  7 draconian knights
  9 draconian scorchers
  Louise (Swamp:3)
  8 emperor scorpions
  5 curse skulls
  19 vault wardens
  4 draconian stormcallers
  A juggernaut zombie (Zig:19)
  A caustic shrike zombie (Crypt:2)
  5 deep elf elementalists
  3 draconian shifters
  5 draconian annihilators
  2 juggernaut skeletons
  15 ghouls
  19 ironbound preservers
  4 war gargoyles
  A caustic shrike skeleton (Zig:14)
  44 very ugly things
  11 reapers
  22 stone giants
  A spriggan defender (Depths:3)
  A corrupter (Zig:14)
  21 vampire knights
  12 green draconians
  18 deep elf demonologists
  11 white draconians
  11 black draconians
  9 entropy weavers
  10 yellow draconians
  An entropy weaver (shapeshifter) (Depths:2)
  3 lorocyprocas
  14 deep elf annihilators
  4 bunyips
  A dire elephant (Lair:6)
  8 purple draconians
  18 red draconians
  2 spark wasps (Spider:4)
  10 ettins
  3 eidola
  3 merfolk javelineers (Zig:18)
  Snorg (D:12)
  5 eleionomae
  7 deep elf death magi
  4 shambling mangroves
  11 fire dragons
  3 blizzard demons
  4 mummy priests
  2 green deaths
  15 great orbs of eyes
  A fire dragon (shapeshifter) (Vaults:5)
  A merfolk impaler (Depths:3)
  13 deep elf high priests
  14 yaktaur captains
  28 jiangshi
  37 vault guards
  2 naga warriors
  5 ironbound thunderhulks
  19 ice dragons
  9 boulder beetles
  24 hydras
  A salamander tyrant (Zig:7)
  3 rakshasas
  5 ghost crabs
  3 quicksilver dragon skeletons
  2 ironbound frosthearts (Vaults:4)
  10 spriggan air magi
  3 merfolk aquamancers (Zig:18)
  7 ogre magi
  3 anacondas
  7 death knights
  15 two-headed ogres
  An alligator snapping turtle (Zig:18)
  7 deep troll earth magi
  16 alligators
  5 deep troll shamans
  5 catoblepae
  22 centaur warriors
  A death scarab (Zig:19)
  A two-headed ogre (shapeshifter) (Abyss:3)
  8 death yaks (Lair:6)
  4 hell hogs
  5 tengu warriors
  16 vampire magi
  2 titan zombies (Tar:1)
  Urug (D:12)
  5 spriggan berserkers
  2 orc high priests
  19 thrashing horrors
  2 naga sharpshooters
  7 soul eaters
  3 ironbound beastmasters
  A shock serpent (shapeshifter) (D:15)
  5 sun demons
  2 iron golems (Hell)
  A storm dragon zombie (Crypt:3)
  22 spriggans
  8 wretched stars
  23 hell knights
  3 shock serpents
  35 deep elf knights
  6 goliath frogs
  2 titan skeletons
  10 iron trolls
  7 shadow wraiths
  8 sixfirhies
  A sea snake (shapeshifter) (Abyss:3)
  A fire crab (Swamp:4)
  6 spatial maelstroms
  A storm dragon skeleton (Crypt:1)
  54 starcursed masses
  51 deep trolls
  17 swamp dragons
  A naga ritualist (Zig:4)
  A spark wasp zombie (Crypt:3)
  4 death drakes
  5 glowing orange brains
  A torturous demonspawn (Zig:9)
  10 spriggan druids
  An anaconda zombie (Hell)
  7 bog bodies
  8 shadow demons
  7 flayed ghosts
  87 skeletal warriors
  A deep troll (shapeshifter) (D:15)
  A death drake (shapeshifter) (Zig:10)
  An anaconda skeleton (Crypt:3)
  20 ironbound convokers
  A tengu zombie (Vaults:5)
  11 wizards
  A shadow dragon zombie (Depths:2)
  10 lindwurms
  A sphinx zombie (Zig:19)
  18 deep elf archers
  13 orc knights
  A wolf spider zombie (Tar:1)
  8 harpies
  2 tengu skeletons
  22 phantasmal warriors
  43 deep elf zephyrmancers
  17 necromancers
  2 fire giant zombies
  A mana viper (shapeshifter) (Abyss:3)
  46 deep elf pyromancers
  2 stone giant zombies (Tar:1)
  5 will-o-the-wisps
  35 ugly things
  3 orc sorcerers
  14 cyclopes
  9 manticores
  29 orb spiders
  3 shadow dragon skeletons
  20 wolf spiders
  2 cyclopes (shapeshifter)
  2 orb spiders (shapeshifter)
  3 frost giant zombies
  A salamander (shapeshifter) (D:15)
  2 sphinx skeletons (Zig:14)
  A manticore (shapeshifter) (Vaults:5)
  A toenail golem (Abyss:3)
  26 moths of wrath
  3 worldbinders (Abyss:3)
  A salamander (Abyss:3)
  11 black mambas
  7 elephants
  2 moths of wrath (shapeshifter)
  3 frost giant skeletons
  6 guardian serpents
  7 apocalypse crabs
  12 cane toads
  3 fire giant skeletons
  A guardian serpent (shapeshifter) (Zig:12)
  3 stone giant skeletons
  An elf zombie (Zig:14)
  A dire elephant zombie (Abyss:2)
  2 shock serpent zombies (Tar:1)
  An eye of devastation (shapeshifter) (Zig:12)
  2 black mambas (shapeshifter)
  2 centaur skeletons (D:15)
  6 molten gargoyles
  An iron dragon skeleton (Depths:4)
  19 vault sentinels
  6 rust devils (Hell)
  An eleionoma skeleton (Crypt:2)
  2 orange demons (Abyss:1)
  3 gargoyles
  3 naga magi
  16 smoke demons
  6 hellions
  A shock serpent skeleton (Crypt:1)
  3 torpor snails
  A rime drake (shapeshifter) (Elf:1)
  2 unseen horrors (Abyss:3)
  5 tormentors
  6 komodo dragons
  3 kobold demonologists (D:12)
  34 yaktaurs
  4 tengu conjurers
  A ghost moth simulacrum (Crypt:3)
  A golden dragon simulacrum (Zig:19)
  10 ice devils
  4 rime drakes
  5 efreet
  11 demonic crawlers
  6 hellwings
  A sea snake zombie (Hell)
  9 freezing wraiths
  6 red devils
  A harpy zombie (Tar:2)
  21 guardian mummies
  5 hydra zombies
  A death yak skeleton (Crypt:3)
  6 silent spectres (Tar:1)
  A merfolk (Zig:18)
  A merfolk (shapeshifter) (Vaults:5)
  A queen bee (shapeshifter) (D:15)
  12 tyrant leeches
  19 ancient zymes
  23 slime creatures
  2 polar bears (Lair:6)
  A meliai (D:15)
  A hornet (shapeshifter) (Elf:2)
  2 hydra skeletons (Hell)
  5 trolls
  20 jumping spiders
  39 hornets
  2 spriggan zombies
  4 dream sheep (Lair:6)
  A fire dragon zombie (Tar:2)
  A slime creature (shapeshifter) (Abyss:1)
  An iron dragon simulacrum (Abyss:3)
  An alligator zombie (Tar:2)
  20 blink frogs
  A dream sheep (shapeshifter) (Vaults:5)
  2 human simulacra
  An ice dragon zombie (Crypt:2)
  34 raiju
  An ettin zombie (Tar:2)
  5 centaur simulacra
  47 large abominations
  2 black mamba zombies
  58 flying skulls
  13 shadows
  2 vampires
  Sigmund (D:6)
  74 redbacks
  An ettin skeleton (Tar:1)
  25 tarantellas
  2 alligator skeletons (Crypt:2)
  2 ynoxinuls
  A black mamba skeleton (Tar:1)
  2 elf skeletons
  14 wraiths
  4 ushabtiu
  6 air elementals
  3 humans (shapeshifter)
  12 water elementals
  53 yaks
  A yak (shapeshifter) (Zig:15)
  An ice dragon skeleton (Hell)
  5 fire bats
  A fire bat (shapeshifter) (Abyss:1)
  8 basilisks
  10 wyverns
  11 fire elementals
  15 golden eyes
  7 steam dragons
  7 chaos spawn
  7 neqoxecs
  5 vampire mosquitoes
  A warg (Elf:3)
  Menkaure (D:6)
  A two-headed ogre zombie (Crypt:1)
  13 spatial vortices
  14 swamp worms
  An acid dragon (D:9)
  2 nagas
  4 cane toad zombies
  28 hell hounds
  18 water moccasins
  A water moccasin (shapeshifter) (Vaults:5)
  A floating eye (shapeshifter) (Zig:5)
  An ogre skeleton (Vaults:5)
  7 swamp drakes
  4 sky beasts
  2 cane toad skeletons
  13 orc warriors
  2 snapping turtle zombies
  4 black bears
  A manticore zombie (Crypt:1)
  2 ettin simulacra (Crypt:3)
  20 necrophages
  32 small abominations
  8 boggarts (Vaults:1)
  3 snapping turtle skeletons
  14 centaurs
  14 wolves
  30 ogres
  7 phantoms
  A manticore skeleton (Hell)
  2 kobold brigands
  A gnoll sergeant (D:5)
  11 earth elementals
  A komodo dragon skeleton (Crypt:3)
  A scorpion (D:10)
  6 bullfrogs
  A warg zombie (Crypt:3)
  A water moccasin zombie (Crypt:1)
  A water moccasin skeleton (Crypt:2)
  14 killer bees
  35 wights
  4 electric eels
  2 crimson imps
  7 howler monkeys
  A lava snake (Lair:6)
  4 quasits
  2 centaur zombies
  2 hounds
  3 jellies
  A gnoll shaman (D:8)
  A human zombie (Tar:2)
  14 orc priests
  3 iguanas
  2 bullfrog skeletons
  3 iron imps
  15 orc wizards
  A human skeleton (Crypt:2)
  4 hell rats (Hell)
  3 killer bee zombies
  A demigod zombie (Crypt:3)
  A felid zombie (Crypt:2)
  A hound skeleton (D:5)
  14 mummies
  6 gnolls
  A howler monkey skeleton (D:6)
  8 adders
  3 shadow imps
  10 white imps
  7 ufetubi
  2 adder skeletons (D:4)
  2 worms (D:2)
  3 dart slugs
  50 orcs
  5 bats
  6 endoplasms
  3 giant cockroaches
  13 goblins
  8 hobgoblins
  10 jackals
  4 quokkas
  11 ball pythons
  2 frilled lizards
  A frilled lizard skeleton (Crypt:2)
  A frilled lizard zombie (Crypt:1)
  15 kobolds
  A quokka skeleton (Crypt:3)
  2 rats (D:2)
  2 fire vortices (Volcano)
  5 lurking horrors
  11 starspawn tentacles
3392 creatures vanquished.

Vanquished Creatures (collateral kills)
  A shadow dragon (Vaults:4)
  A cacodemon (Zig:9)
  A balrug (Zig:14)
  A draconian stormcaller (Zig:13)
  A caustic shrike skeleton (Zig:19)
  A reaper (Zig:14)
  A green draconian (Zig:13)
  A black draconian (Zig:13)
  A quicksilver dragon zombie (Zig:14)
  A mummy priest (Zig:19)
  A vault guard (Vaults:5)
  2 death scarabs (Zig:19)
  A flayed ghost (Zig:14)
  A tengu skeleton (Zig:14)
  A fire giant skeleton (Zig:14)
  An orange demon (Zig:9)
  A guardian mummy (Zig:19)
  3 mummies (Zig:19)
21 creatures vanquished.

Vanquished Creatures (others)
  A tengu reaver (Vaults:5)
  A storm dragon (Zot:2)
  A draconian knight (Zot:1)
  A fenstrider witch (Zig:16)
  A ghost moth (Zig:18)
  An eleionoma (Zig:16)
  A yaktaur captain (Vaults:5)
  A fire dragon (Swamp:4)
  An ogre mage (Zig:12)
  42 dancing weapons
  A spriggan berserker (Zig:16)
  A spriggan (Zig:16)
  A deep elf knight (Elf:3)
  A goliath frog (Zig:16)
  2 spriggan druids (Zig:16)
  An ironbound convoker (Vaults:5)
  A wizard (D:6)
  A will-o-the-wisp (Zig:16)
  A cyclops (D:14)
  2 moths of wrath (Zot:2)
  A yaktaur (Vaults:2)
  4 bloated husks
  A hornet (Zig:16)
  An air elemental (Zig:17)
  A water elemental (Zig:15)
  3 golden eyes (Abyss:3)
  A steam dragon (Swamp:4)
  A small abomination (Abyss:1)
  5 swamp drakes (Swamp:4)
  2 white imps (Abyss:3)
  An orc (Elf:2)
  2 briar patches (Abyss:3)
  A fire vortex (Volcano)
  48 foxfires
  31 fungi
  A lurking horror (Abyss:3)
  38 plants
  34 starspawn tentacles
  3 withered plants (Vaults:2)
242 creatures vanquished.

Grand Total: 3655 creatures vanquished

Notes
Turn   | Place    | Note
-------+----------+-------------------------------------------
     0 | D:1      | Delamore the Formicid Fighter began the quest for the Orb.
     0 | D:1      | Reached XP level 1. HP: 18/18 MP: 1/1
   282 | D:1      | Reached XP level 2. HP: 20/24 MP: 2/2
   657 | D:1      | Reached XP level 3. HP: 27/29 MP: 3/3
  1736 | D:2      | Reached XP level 4. HP: 35/35 MP: 4/4
  1952 | D:2      | You fall into a shaft and drop 2 floors!
  2277 | D:4      | Reached XP level 5. HP: 41/41 MP: 5/5
  2338 | D:4      | Noticed a black bear
  2349 | D:4      | Killed a black bear
  2350 | D:4      | Reached skill level 5 in Polearms
  2350 | D:4      | Reached XP level 6. HP: 42/47 MP: 6/6
  2910 | D:3      | Found a faded altar of an unknown god.
  3149 | D:3      | Found an ornate altar of the Wu Jian Council.
  4173 | D:4      | Noticed a black bear
  4178 | D:4      | Killed a black bear
  4179 | D:4      | Reached XP level 7. HP: 45/52 MP: 7/7
  4292 | D:4      | Found a staircase to the Ecumenical Temple.
  4405 | Temple   | Entered the Ecumenical Temple
  4887 | D:5      | Entered Level 5 of the Dungeon
  5036 | D:5      | Found an iron altar of Okawaru.
  5521 | D:5      | Reached XP level 8. HP: 58/58 MP: 8/8
  6641 | D:6      | Reached skill level 10 in Polearms
  6714 | D:6      | Got Suttimusi's Reference Book on the Glacier and Venom
  6896 | D:6      | Noticed Menkaure
  6905 | D:6      | Killed Menkaure
  6906 | D:6      | Reached XP level 9. HP: 14/64 MP: 9/9
  7179 | D:6      | Reached skill level 5 in Shields
  7271 | D:6      | Noticed Sigmund
  7281 | D:6      | Killed Sigmund
  7561 | D:6      | Found a bloodstained altar of Trog.
  7584 | D:6      | Noticed a wizard
  7586 | D:6      | Killed a wizard
  7975 | D:7      | Identified a scroll of acquirement
  7975 | D:7      | Acquired the +10 trident of Vukhlezogg {venom, SInv}
  8012 | D:7      | Found a shadowy altar of Dithmenos.
  9233 | D:8      | Reached XP level 10. HP: 70/70 MP: 10/10
  9235 | D:8      | Found a hide-covered altar of Uskayaw.
  9241 | D:8      | Acquired a +2 pair of gloves of strength
  9342 | D:8      | Found an opulent altar of Gozag.
  9377 | D:8      | Became a worshipper of Gozag Ym Sagoz the Greedy
  9665 | D:8      | Found a large runed translucent door.
  9666 | D:8      | Found a large runed translucent door.
  9676 | D:8      | Found a hazy altar of Hepliaklqana.
 10011 | D:8      | Found an ancient bone altar of Kikubaaqudgha.
 10296 | D:9      | Reached skill level 1 in Throwing
 10390 | D:9      | Noticed a two-headed ogre
 10418 | D:9      | Killed a two-headed ogre
 10419 | D:9      | Reached skill level 5 in Fighting
 10560 | D:9      | Reached XP level 11. HP: 76/79 MP: 11/11
 11542 | D:10     | Entered Level 10 of the Dungeon
 11932 | D:10     | Reached skill level 5 in Throwing
 12131 | D:10     | Found a staircase to the Lair.
 12204 | D:10     | Found Voibatug's Antique Armour Shop.
 12331 | D:10     | Found a staircase to the Orcish Mines.
 12342 | D:10     | Found a basalt altar of Yredelemnul.
 13232 | Lair:1   | Entered Level 1 of the Lair of Beasts
 13615 | Lair:1   | Reached XP level 12. HP: 83/94 MP: 12/12
 14102 | Lair:1   | Acquired the +1 cloak of Starlight {*Dazzle EV+4 Stlth--}
 14102 | Lair:1   | Found the +1 cloak of Starlight {*Dazzle EV+4 Stlth--}
 14143 | Lair:1   | Reached skill level 10 in Fighting
 14349 | Lair:1   | Reached skill level 1 in Evocations
 14839 | Lair:2   | Reached skill level 1 in Dodging
 15869 | Lair:3   | Found a staircase to the Swamp.
 15912 | Lair:3   | Found a dark tunnel.
 15984 | Volcano  | Entered a volcano
 16011 | Volcano  | Reached skill level 5 in Armour
 17249 | Lair:3   | Noticed a boulder beetle
 17263 | Lair:3   | Killed a boulder beetle
 17268 | Lair:3   | Reached skill level 5 in Evocations
 17318 | Lair:3   | Reached XP level 13. HP: 98/103 MP: 13/13
 17444 | Lair:3   | Noticed a six-headed hydra
 17456 | Lair:3   | Killed a six-headed hydra
 17459 | Lair:3   | Reached skill level 5 in Dodging
 17783 | Lair:3   | Noticed a four-headed hydra
 17791 | Lair:3   | Killed a four-headed hydra
 18085 | Lair:3   | Bought the amulet of the Four Winds {rN+ Will+++ Clar} for
                  | 570 gold pieces
 18085 | Lair:3   | Found the amulet of the Four Winds {rN+ Will+++ Clar}
 18392 | Lair:4   | Reached skill level 10 in Armour
 18644 | Lair:4   | You fall into a shaft and drop 2 floors!
 18644 | Lair:6   | Entered Level 6 of the Lair of Beasts
 18650 | Lair:6   | Noticed a catoblepas
 18676 | Lair:6   | Killed a catoblepas
 19044 | Lair:4   | Found a hole to the Spider Nest.
 20551 | Lair:6   | Noticed a six-headed hydra
 20560 | Lair:6   | Killed a six-headed hydra
 20969 | Lair:6   | Reached XP level 14. HP: 98/113 MP: 14/14
 21286 | Lair:6   | Found a staircase to the Slime Pits.
 21286 | Lair:6   | Found a viscous altar of Jiyva.
 21313 | Lair:6   | Reached skill level 15 in Polearms
 22390 | Lair:6   | Noticed a dire elephant
 22405 | Lair:6   | Killed a dire elephant
 23208 | Orc:1    | Entered Level 1 of the Orcish Mines
 23859 | Orc:2    | Entered Level 2 of the Orcish Mines
 23864 | Orc:2    | Found Saasyele's Book Shoppe.
 24030 | Orc:2    | Found a staircase to the Elven Halls.
 24202 | Orc:2    | Reached XP level 15. HP: 107/125 MP: 15/15
 24909 | Orc:2    | Found Seblyneo's Antique Weapon Boutique.
 24909 | Orc:2    | Found Raqyuchu's Weapon Emporium.
 24909 | Orc:2    | Found Eppent's Antique Weapon Shoppe.
 24909 | Orc:2    | Found Haal's Jewellery Boutique.
 25410 | D:10     | Bought a polished tower shield for 285 gold pieces
 25410 | D:10     | Identified the +4 tower shield of Guczog {*Corrode rPois
                  | Str+4 Dex+4} (You bought it in a shop on level 10 of the
                  | Dungeon)
 25411 | D:10     | Bought a pair of runed boots for 262 gold pieces
 25908 | D:11     | Reached skill level 10 in Shields
 26660 | D:12     | Noticed Snorg
 26669 | D:12     | Killed Snorg
 26857 | D:12     | Noticed Urug
 26878 | D:12     | Killed Urug
 29839 | D:14     | Found a gate to the Vaults.
 29844 | D:14     | Reached XP level 16. HP: 134/134 MP: 16/16
 29849 | D:14     | Reached skill level 15 in Fighting
 29983 | D:14     | Found a flickering gateway to a bazaar.
 29995 | Bazaar   | Entered a bazaar
 29995 | Bazaar   | Found Xinoysy's Antique Weapon Shop.
 29995 | Bazaar   | Found Leschom's Antique Armour Shop.
 30103 | Bazaar   | Found Tihoxt's Distillery.
 30149 | Bazaar   | Bought a potion of curing for 18 gold pieces
 30149 | Bazaar   | Bought a potion of invisibility for 48 gold pieces
 30149 | Bazaar   | Bought a potion of heal wounds for 30 gold pieces
 30149 | Bazaar   | Bought a potion of resistance for 60 gold pieces
 30149 | Bazaar   | Bought a potion of curing for 18 gold pieces
 30149 | Bazaar   | Bought a potion of heal wounds for 30 gold pieces
 30149 | Bazaar   | Bought a potion of curing for 18 gold pieces
 31981 | D:15     | Entered Level 15 of the Dungeon
 32229 | D:15     | Found a stormy altar of Qazlal.
 32229 | D:15     | Found an iron altar of Okawaru.
 32589 | D:15     | Found a staircase to the Depths.
 32663 | D:15     | Found a broken altar of Ashenzari.
 32727 | D:15     | Noticed a fire giant
 32754 | D:15     | Killed a fire giant
 33416 | D:15     | Noticed a sphinx
 33433 | D:15     | Reached XP level 17. HP: 63/144 MP: 17/17
 33441 | D:15     | Killed a sphinx
 34212 | D:15     | Reached skill level 15 in Shields
 34289 | D:15     | Identified the ring of Finality {Drain rN+ Will+++ rCorr
                  | Dex+2}
 34973 | D:15     | Noticed a tengu reaver
 35420 | D:15     | Killed a tengu reaver
 36019 | D:15     | Got the Handbook of Freezing Clay
 36295 | D:15     | Bought runed gold dragon scales for 2573 gold pieces
 36311 | D:15     | Acquired 1235 gold pieces
 36553 | Swamp:1  | Entered Level 1 of the Swamp
 36553 | Swamp:1  | Noticed a thorn hunter
 36644 | Lair:3   | Killed a thorn hunter
 37296 | Swamp:1  | Reached XP level 18. HP: 111/155 MP: 18/18
 38041 | Swamp:2  | Found a runed translucent gate.
 38041 | Swamp:2  | Found a runed translucent gate.
 38041 | Swamp:2  | Found a runed translucent gate.
 38044 | Swamp:2  | Noticed Vimusuoff's ghost (adept MiFi)
 38498 | Swamp:2  | Noticed Frances
 38519 | Swamp:2  | Killed Frances
 39426 | Swamp:2  | Killed Vimusuoff's ghost
 39688 | Swamp:3  | Noticed Louise
 39710 | Swamp:3  | Killed Louise
 39895 | Swamp:3  | Noticed a tentacled monstrosity
 39911 | Swamp:3  | Killed a tentacled monstrosity
 41228 | Swamp:4  | Entered Level 4 of the Swamp
 41938 | Swamp:4  | Reached XP level 19. HP: 136/165 MP: 19/19
 43146 | Swamp:4  | Got a decaying rune of Zot
 43492 | Spider:1 | Entered Level 1 of the Spider Nest
 43497 | Lair:4   | Bought a scroll of magic mapping for 49 gold pieces
 45183 | Spider:2 | Found a runed translucent gate.
 45526 | Spider:2 | Found a runed translucent gate.
 45526 | Spider:2 | Found a runed translucent gate.
 45528 | Spider:2 | Noticed M0nkeyB0y's ghost (journeyman MiBe)
 45672 | Spider:2 | Killed M0nkeyB0y's ghost
 46784 | Spider:3 | Learned a level 3 spell: Lesser Beckoning
 46794 | Spider:4 | Entered Level 4 of the Spider Nest
 46794 | Spider:4 | Identified Roxanne's Collected Works on Clay
 46794 | Spider:4 | Noticed Roxanne
 47330 | Spider:4 | Reached XP level 20. HP: 129/176 MP: 20/20
 49026 | Spider:4 | Got a gossamer rune of Zot
 49238 | Spider:4 | Killed Roxanne
 49516 | Elf:1    | Entered Level 1 of the Elven Halls
 50608 | Elf:1    | Acquired a +4 ring of slaying
 50916 | Elf:1    | Reached skill level 10 in Evocations
 51031 | Elf:1    | Reached skill level 10 in Throwing
 51259 | Elf:1    | Noticed Agnes
 51270 | Elf:1    | Killed Agnes
 51770 | Elf:1    | Noticed Asterion
 51771 | Elf:1    | Noticed Nikola
 51778 | Elf:1    | Killed Asterion
 51788 | Elf:1    | Killed Nikola
 52062 | Elf:1    | Gained mutation: You passively map a small area around you.
                  | [a cacodemon]
 52064 | Elf:1    | Gained mutation: You are frail. (-10% HP) [a cacodemon]
 52067 | Elf:1    | Lost mutation: You passively map a small area around you.
                  | [potion of mutation]
 52067 | Elf:1    | Lost mutation: You are frail. (-10% HP) [potion of
                  | mutation]
 52067 | Elf:1    | Gained mutation: You expend magic power (3 MP) to
                  | strengthen your wands. [potion of mutation]
 52067 | Elf:1    | Gained mutation: Armour fits poorly on your strangely
                  | shaped body. [potion of mutation]
 52067 | Elf:1    | Gained mutation: Your flesh is heat resistant. (rF+)
                  | [potion of mutation]
 52067 | Elf:1    | Gained mutation: Your flesh is very heat resistant. (rF++)
                  | [potion of mutation]
 52068 | Elf:1    | Lost mutation: You expend magic power (3 MP) to strengthen
                  | your wands. [potion of mutation]
 52068 | Elf:1    | Lost mutation: Your flesh is very heat resistant. (rF++)
                  | [potion of mutation]
 52069 | Elf:1    | Lost mutation: Armour fits poorly on your strangely shaped
                  | body. [potion of mutation]
 52069 | Elf:1    | Lost mutation: Your flesh is heat resistant. (rF+) [potion
                  | of mutation]
 52069 | Elf:1    | Gained mutation: You evolve. [potion of mutation]
 52069 | Elf:1    | Gained mutation: You sometimes lose the ability to read
                  | scrolls when taking damage. [potion of mutation]
 52069 | Elf:1    | Gained mutation: Your flesh is heat resistant. (rF+)
                  | [potion of mutation]
 52450 | Elf:1    | Got the Guide on the Entourage
 52660 | Elf:2    | Found Deub's Armour Shop.
 53236 | Elf:2    | Reached XP level 21. HP: 174/183 MP: 21/21
 53267 | Elf:2    | Found a runed translucent door.
 53308 | Elf:2    | Found a runed translucent door.
 53332 | Elf:2    | Identified the +0 ring mail "Jurom" {rN++ rCorr}
 55410 | Elf:3    | Entered Level 3 of the Elven Halls
 55464 | Elf:3    | Noticed Saint Roka
 55495 | Elf:3    | Killed Saint Roka
 56105 | Elf:3    | Acquired a manual of Evocations
 56138 | Elf:3    | Identified the ring "Acomiwka" {Will+ Int+3 Dex+4 Stlth+}
 56139 | Elf:3    | Identified the +9 halberd "Arcanum" {flame, Int+3 Dex+3}
 56139 | Elf:3    | Identified the +10 longbow "Wyhuxt" {venom, rPois rC+ Will+
                  | Dex+2}
 56733 | Elf:3    | Noticed Bai Suzhen
 56752 | Elf:3    | Killed Bai Suzhen
 56753 | Elf:3    | Reached XP level 22. HP: 154/190 MP: 22/22
 56930 | Elf:3    | Identified the +0 buckler of Resilience {rElec rPois
                  | Will+++ Dex-5}
 57491 | Elf:3    | Identified the +1 plate armour of Sin {Fly}
 57500 | Elf:3    | Identified the +2 cloak "Cidiuq" {Int-2 Dex+6}
 57506 | Elf:3    | Identified the +4 longbow of Somewhere Else {venom, Fly}
 57553 | Elf:3    | Identified the +4 pair of boots of Hedge Wizardry {SInv}
 58340 | Vaults:1 | Entered Level 1 of the Vaults
 58616 | Vaults:1 | Reached skill level 10 in Dodging
 58875 | Vaults:1 | Found a transporter.
 59617 | Vaults:1 | Identified the +10 long sword of the Median {freeze, rElec}
 59627 | Vaults:1 | Found a transporter.
 60380 | Vaults:2 | Gained mutation: Your system is resistant to poisons.
                  | (rPois) [evolution]
 60380 | Vaults:2 | Lost mutation: You evolve. [end of evolution]
 61107 | Vaults:2 | Reached skill level 15 in Armour
 61107 | Vaults:2 | Reached XP level 23. HP: 171/196 MP: 23/23
 61590 | Vaults:2 | Found a runed translucent gate.
 61590 | Vaults:2 | Found a runed translucent gate.
 61590 | Vaults:2 | Found a runed translucent gate.
 61593 | Vaults:2 | Noticed DildoBatman's ghost (adept FoCj)
 61593 | Vaults:2 | Noticed MackTheFife's ghost (veteran HOGl)
 61593 | Vaults:2 | Noticed rgbqcd's ghost (veteran MiBe)
 63407 | Vaults:3 | Found a portal to a secret trove of treasure.
 63758 | Vaults:3 | Found a runed translucent door.
 63758 | Vaults:3 | Noticed Xafer's ghost (adept DsGl)
 64109 | Vaults:3 | Found a staircase to the Crypt.
 64109 | Vaults:3 | Found a basalt altar of Yredelemnul.
 64109 | Vaults:3 | Found an ancient bone altar of Kikubaaqudgha.
 64279 | Vaults:3 | Killed Xafer's ghost
 65872 | Vaults:4 | Reached XP level 24. HP: 143/208 MP: 23/23
 66045 | Vaults:4 | Found Zuru Lis's General Store.
 66818 | Vaults:4 | Identified the ring "Asavuxank" {MP+9 Str+2}
 66975 | Vaults:4 | Bought a potion of heal wounds for 50 gold pieces
 66975 | Vaults:4 | Bought a wand of iceblast (11) for 150 gold pieces
 67193 | Vaults:4 | Lost mutation: You sometimes lose the ability to read
                  | scrolls when taking damage. [potion of mutation]
 67193 | Vaults:4 | Lost mutation: Your system is resistant to poisons. (rPois)
                  | [potion of mutation]
 67193 | Vaults:4 | Gained mutation: Your muscles are strong. (Str +2) [potion
                  | of mutation]
 67193 | Vaults:4 | Gained mutation: A frigid envelope surrounds you and
                  | freezes all who hurt you. [potion of mutation]
 67219 | Vaults:5 | Entered Level 5 of the Vaults
 67236 | Vaults:5 | Reached skill level 15 in Evocations
 67732 | Vaults:5 | Noticed a dread lich
 68294 | Vaults:5 | Killed a dread lich
 69053 | Vaults:4 | Reached XP level 25. HP: 152/212 MP: 23/23
 69371 | Vaults:5 | Identified the amulet "Jygeor" {Acrobat rF+ Regen+ Str+2
                  | Int-3}
 69965 | Vaults:5 | Noticed a dread lich
 69975 | Vaults:5 | Killed a dread lich
 70279 | Vaults:5 | Identified the +7 shortbow "Ant's Bane" {flame, rPois Int-4
                  | Dex+3}
 70345 | Vaults:5 | Reached skill level 15 in Throwing
 70519 | Vaults:5 | Found the +7 Spriggan's Knife {stab, EV+4 Stlth+}
 70521 | Vaults:5 | Found Difipuit's Weapon Emporium.
 71007 | Vaults:5 | Identified the +8 scimitar of Futsa {spect, rC++ Will+
                  | Str-2 Int+3}
 71008 | Vaults:5 | Identified the +9 falchion of Peah {chaos, Will+ Int-2
                  | Stlth+}
 71418 | Vaults:5 | Got a silver rune of Zot
 72276 | Vaults:5 | Identified the ring "Reta Qaf" {rPois Will+}
 72345 | Vaults:5 | Identified the +3 plate armour of the Salamander {rC+ Will+
                  | SInv}
 72373 | Vaults:5 | Identified the +2 helmet of the Lich-sworn {rF++ Dex+4}
 72376 | Vaults:5 | Identified the +1 plate armour of the Centipede {Will++
                  | Int+4 Dex-5 Stlth+}
 72653 | Depths:1 | Entered Level 1 of the Depths
 72653 | Depths:1 | Found Xeakio's Assorted Antiques.
 72666 | Depths:1 | Bought a gilded ring for 145 gold pieces
 73286 | Depths:1 | Bought the +3 pair of gauntlets of War {Slay+5} for 1330
                  | gold pieces
 73286 | Depths:1 | Found the +3 pair of gauntlets of War {Slay+5}
 73297 | Depths:1 | Bought a pair of spiked gloves for 266 gold pieces
 73297 | Depths:1 | Identified the +0 pair of gloves of Kindness {Regen+ Dex+2}
                  | (You bought it in a shop on level 1 of the Depths)
 73444 | Depths:1 | Found Iniusm's Book Shoppe.
 73556 | Depths:1 | Found a gateway to Hell.
 73714 | Depths:1 | Found Gesmimm's Magic Scroll Shoppe.
 73727 | Depths:1 | Bought a scroll of magic mapping for 59 gold pieces
 73727 | Depths:1 | Bought a scroll of fear for 59 gold pieces
 73785 | Depths:1 | Found Xaiwnioh's Antique Weapon Shop.
 73809 | Depths:1 | Reached XP level 26. HP: 145/222 MP: 23/23
 74030 | Depths:1 | Found a shimmering blue altar of Sif Muna.
 74041 | Depths:1 | Got Sif Muna's Guide on Attacks
 74769 | Depths:2 | Found a runed translucent door.
 74770 | Depths:2 | Noticed a juggernaut
 74770 | Depths:2 | Found a runed translucent door.
 74771 | Depths:2 | Found a runed translucent door.
 74840 | Depths:2 | Noticed Aizul
 74848 | Depths:2 | Killed Aizul
 75350 | Depths:2 | Killed a juggernaut
 75886 | Depths:2 | Identified the ring "Hyasynif" {Str+6 Dex+2}
 76850 | Depths:3 | Noticed Margery
 76863 | Depths:3 | Killed Margery
 77470 | Depths:3 | Reached XP level 27. HP: 176/233 MP: 23/23
 77492 | Depths:3 | Found a one-way gate to the infinite horrors of the Abyss.
 77652 | Depths:3 | Found a one-way gate leading to the halls of Pandemonium.
 77782 | Depths:3 | Noticed a juggernaut
 77792 | Depths:3 | Killed a juggernaut
 80607 | Depths:5 | Entered Level 5 of the Depths
 80777 | Depths:5 | Found a stormy altar of Qazlal.
 80862 | Depths:5 | Found a gateway to a ziggurat.
 80863 | Depths:5 | Noticed Mennas
 80896 | Depths:5 | Killed Mennas
 81077 | Depths:5 | Found a gate to the Realm of Zot.
 82461 | Zot:1    | Entered Level 1 of the Realm of Zot
 84452 | Zot:1    | Noticed an orb of fire
 84741 | Zot:1    | Identified the amulet of Wizaly {rF++ Regen+}
 84753 | Zot:1    | Noticed an ancient lich
 84768 | Zot:1    | Killed an ancient lich
 85022 | Zot:1    | Gained mutation: Your body sometimes deteriorates upon
                  | taking damage. [an orb of fire]
 85028 | Zot:1    | Gained mutation: You occasionally shout uncontrollably at
                  | your foes. [an orb of fire]
 85030 | Zot:1    | Killed an orb of fire
 85318 | Zot:1    | Lost mutation: Your muscles are strong. (Str +2) [potion of
                  | mutation]
 85318 | Zot:1    | Lost mutation: A frigid envelope surrounds you and freezes
                  | all who hurt you. [potion of mutation]
 85318 | Zot:1    | Lost mutation: Your body sometimes deteriorates upon taking
                  | damage. [potion of mutation]
 85318 | Zot:1    | Gained mutation: You are partially covered in iridescent
                  | scales. (AC +2) [potion of mutation]
 85318 | Zot:1    | Gained mutation: Your body sometimes deteriorates upon
                  | taking damage. [potion of mutation]
 85319 | Zot:1    | Lost mutation: You are partially covered in iridescent
                  | scales. (AC +2) [potion of mutation]
 85319 | Zot:1    | Lost mutation: Your body sometimes deteriorates upon taking
                  | damage. [potion of mutation]
 85319 | Zot:1    | Lost mutation: Your flesh is heat resistant. (rF+) [potion
                  | of mutation]
 85319 | Zot:1    | Gained mutation: Your spells are a little harder to cast,
                  | but a little more powerful. [potion of mutation]
 85319 | Zot:1    | Gained mutation: Your mind is acute. (Int +2) [potion of
                  | mutation]
 85320 | Zot:1    | Found a stormy altar of Qazlal.
 86148 | Zot:1    | Bought a potion of might for 48 gold pieces
 86148 | Zot:1    | Bought a potion of heal wounds for 60 gold pieces
 86148 | Zot:1    | Bought a potion of heal wounds for 60 gold pieces
 86148 | Zot:1    | Bought a potion of heal wounds for 60 gold pieces
 86148 | Zot:1    | Bought a potion of heal wounds for 60 gold pieces
 91160 | Zot:4    | HP: 11/246 [purple draconian scorcher/bolt of dispelling
                  | energy (40)]
 91655 | Zot:4    | Noticed an orb of fire
 91662 | Zot:4    | Gained mutation: Your body sometimes deteriorates upon
                  | taking damage. [an orb of fire]
 91669 | Zot:4    | Killed an orb of fire
 92292 | Zot:4    | Identified the +2 arbalest of Nouvo {venom, rN++ Will-
                  | Int+5}
 93096 | Zot:5    | Entered Level 5 of the Realm of Zot
 93239 | Hell     | Entered the Vestibule of Hell
 93239 | Hell     | Noticed Geryon
 93251 | Hell     | Killed Geryon
 93363 | Hell     | Found a gateway to the freezing wastes of Cocytus.
 93969 | Vaults:3 | You paid a toll of the horn of Geryon to enter a treasure
                  | trove
 93970 | Trove    | Entered a treasure trove
 93972 | Trove    | Identified the ring of Satyriasis {Will+ Int+4}
 93976 | Trove    | Identified the ring of Anwoxoosm {Ice Str+2}
 93980 | Trove    | Identified the ring of Wassoq {rC+ rN+ Will+ Str+3}
 93982 | Trove    | Identified the ring of Wu Jian's Grace {EV+4 Str+4}
 93984 | Trove    | Identified the ring "Jixt" {*Corrode rElec rPois rC+ Will+
                  | Str-3 SInv}
 93989 | Trove    | Identified the ring "Rirrin" {Fire rElec Int+2}
 93991 | Trove    | Identified the ring of Detill {Will+ EV+4 Str+3 Dex-4}
 93992 | Trove    | Identified the amulet of Lugonu's Reproof {Spirit rElec}
 94090 | Crypt:1  | Entered Level 1 of the Crypt
 94136 | Crypt:1  | You fall into a shaft and drop 1 floor!
 94136 | Crypt:2  | Found an ancient bone altar of Kikubaaqudgha.
 96043 | Crypt:1  | Noticed Mara
 96050 | Crypt:1  | Killed Mara
 96523 | Crypt:1  | You fall into a shaft and drop 1 floor!
 96530 | Crypt:2  | Learned a level 5 spell: Borgnjor's Vile Clutch
 96646 | Crypt:1  | Found a runed translucent gate.
 96647 | Crypt:1  | Noticed Jetyrhek's ghost (veteran GrEE)
 96649 | Crypt:1  | Found a runed translucent gate.
 96650 | Crypt:1  | Found a runed translucent gate.
 96652 | Crypt:1  | Noticed Roocroe's ghost (veteran MiGl)
 96652 | Crypt:1  | Noticed Cumaymy's ghost (adept MfAK)
 96652 | Crypt:1  | Noticed Zoalos's ghost (veteran GrEE)
 96666 | Crypt:1  | Killed Roocroe's ghost
 96684 | Crypt:1  | Killed Jetyrhek's ghost
 96693 | Crypt:1  | Killed Cumaymy's ghost
 96700 | Crypt:1  | Killed Zoalos's ghost
 97007 | Crypt:3  | Entered Level 3 of the Crypt
 97011 | Crypt:3  | Noticed an ancient lich
 97022 | Crypt:3  | Killed an ancient lich
 97247 | Crypt:3  | Found the +3 giant club "Skullcrusher" {speed, Str+7}
 97858 | Crypt:3  | Reached skill level 1 in Spellcasting
 98506 | Crypt:3  | Found a basalt altar of Yredelemnul.
 98506 | Crypt:3  | Noticed a royal mummy
 98524 | Crypt:3  | Killed a royal mummy
 98525 | Crypt:3  | Reached skill level 5 in Spellcasting
 98790 | Crypt:3  | Found an ancient bone altar of Kikubaaqudgha.
 98801 | Crypt:3  | Found the ring of the Octopus King
 98807 | Crypt:3  | Identified the amulet of Kituger {Faith Harm Int+3}
 98808 | Crypt:3  | Identified a ring of the Octopus King {rF+ AC+1 EV+1 Str+1
                  | Int+1 Dex+1}
 98809 | Crypt:3  | Identified the ring "Gahemuuh" {Fly rC++ Will- Str+6}
 98906 | Crypt:3  | Found a staircase to the Tomb.
 99181 | Crypt:3  | Got the Disquisition on Dark Rituals
 99565 | Vaults:2 | Killed rgbqcd's ghost
 99570 | Vaults:2 | Killed DildoBatman's ghost
 99594 | Vaults:2 | Killed MackTheFife's ghost
100053 | Lair:4   | Bought a scroll of enchant weapon for 105 gold pieces
100506 | Depths:3 | Voluntarily entered the Abyss.
100949 | Abyss:1  | Reached skill level 1 in Earth Magic
101710 | Abyss:2  | Reached skill level 10 in Spellcasting
101761 | Abyss:3  | Noticed a dread lich
101764 | Abyss:3  | Found a corrupted altar of Lugonu.
101777 | Abyss:3  | Killed a dread lich
101778 | Abyss:3  | Reached skill level 5 in Earth Magic
101908 | Abyss:3  | Found a corrupted altar of Lugonu.
101946 | Depths:3 | Escaped the Abyss
102275 | Depths:3 | Voluntarily entered the Abyss.
102405 | Abyss:1  | Noticed an ancient lich
102412 | Abyss:1  | Killed an ancient lich
102586 | Abyss:1  | Found a corrupted altar of Lugonu.
102734 | Abyss:1  | Found a corrupted altar of Lugonu.
102742 | Abyss:1  | Found a corrupted altar of Lugonu.
103721 | Abyss:3  | Found a transporter.
103725 | Abyss:3  | Found a corrupted altar of Lugonu.
103729 | Abyss:3  | Found a transporter.
103827 | Abyss:3  | Identified the amulet of Pawkuona {RegenMP rCorr Int+4
                  | Stlth-}
103833 | Abyss:3  | Found a transporter.
103851 | Abyss:3  | Found a transporter.
103877 | Abyss:3  | Found a transporter.
103957 | Abyss:3  | Found a transporter.
104458 | Abyss:3  | Reached skill level 10 in Earth Magic
104612 | Abyss:3  | Got an abyssal rune of Zot
105064 | Depths:3 | Escaped the Abyss
106180 | Zot:5    | Noticed an orb of fire
106197 | Zot:5    | Gained mutation: Your magical capacity is low. (-10% MP)
                  | [an orb of fire]
106208 | Zot:5    | Killed an orb of fire
106208 | Zot:5    | Noticed an orb of fire
106218 | Zot:5    | Killed an orb of fire
106495 | Zot:5    | Noticed an ancient lich
106499 | Zot:5    | Noticed a dread lich
106500 | Zot:5    | Noticed a Killer Klown
106504 | Zot:5    | Killed an ancient lich
106511 | Zot:5    | Killed a dread lich
106532 | Zot:5    | Killed a Killer Klown
106794 | Zot:5    | Noticed a Killer Klown
106800 | Zot:5    | Noticed an ancient lich
106803 | Zot:5    | Killed a Killer Klown
106810 | Zot:5    | Killed an ancient lich
106871 | Zot:5    | Found a runed translucent gate.
106871 | Zot:5    | Found a runed translucent gate.
106871 | Zot:5    | Noticed Kaptain's ghost (legendary GrEE)
106871 | Zot:5    | Identified the +0 cloak "Damnable Contraption" {rElec rPois
                  | Dex+5}
106872 | Zot:5    | Found a runed translucent gate.
106929 | Zot:5    | Killed Kaptain's ghost
107356 | Zot:5    | Noticed an ancient lich
107366 | Zot:5    | Killed an ancient lich
107379 | Zot:5    | Noticed a Killer Klown
107383 | Zot:5    | Killed a Killer Klown
107525 | Zot:5    | Noticed an orb of fire
107536 | Zot:5    | Killed an orb of fire
107537 | Zot:5    | Reached skill level 15 in Spellcasting
107645 | Zot:5    | Reached skill level 15 in Dodging
107909 | Zot:5    | Found the +8 lance "Wyrmbane" {slay drac, rPois rF+ rC+
                  | AC+3}
107990 | Zot:5    | Noticed a dread lich
107998 | Zot:5    | Killed a dread lich
108616 | Hell     | Found a gateway to the decaying netherworld of Tartarus.
108802 | Depths:5 | Bought 8 boomerangs of dispersal for 300 gold pieces
108964 | Hell     | Found a gateway to the ashen valley of Gehenna.
109018 | Hell     | Reached skill level 1 in Necromancy
109230 | Hell     | Found a gateway to the Iron City of Dis.
109565 | Tar:1    | Entered Level 1 of Tartarus
111156 | Hell     | Reached skill level 5 in Necromancy
115708 | Depths:5 | Lost mutation: You occasionally shout uncontrollably at
                  | your foes. [potion of mutation]
115708 | Depths:5 | Lost mutation: Your body sometimes deteriorates upon taking
                  | damage. [potion of mutation]
115708 | Depths:5 | Lost mutation: Your spells are a little harder to cast, but
                  | a little more powerful. [potion of mutation]
115708 | Depths:5 | Gained mutation: You passively map a small area around you.
                  | [potion of mutation]
115708 | Depths:5 | Gained mutation: Your system is resistant to poisons.
                  | (rPois) [potion of mutation]
115710 | Zig:1    | Entered Level 1 of a ziggurat
115930 | Zig:2    | Entered Level 2 of a ziggurat
115953 | Zig:2    | Identified the +6 short sword of Hairy Fortitude {drain,
                  | Dex+4}
115960 | Zig:3    | Entered Level 3 of a ziggurat
116061 | Zig:3    | Identified the amulet of Taxtyiss {RegenMP Int+6 Dex-4}
116080 | Zig:4    | Entered Level 4 of a ziggurat
116111 | Zig:4    | Identified the +5 dagger of the Thieving Bear {vorpal,
                  | Contam rF+++ Str+9 Int-4}
116115 | Zig:4    | Identified the ring of Xuek {rC+ rCorr}
116184 | Zig:5    | Entered Level 5 of a ziggurat
116188 | Zig:5    | Noticed an ancient lich
116191 | Zig:5    | Killed an ancient lich
116213 | Zig:5    | Identified the +8 hand axe "Sewnokk" {freeze, rN++ Int-3
                  | Dex+6}
116232 | Zig:6    | Entered Level 6 of a ziggurat
116271 | Zig:6    | Identified the +2 cloak of Dawn {Str+6 Int-2}
116318 | Zig:7    | Entered Level 7 of a ziggurat
116924 | Zig:7    | Identified the +4 hand crossbow "Sarcophage" {penet, rCorr
                  | Str+5}
116927 | Zig:8    | Entered Level 8 of a ziggurat
117120 | Zig:8    | Identified the +5 halberd of Internal Strife {vorpal, rElec
                  | rF+}
117122 | Zig:8    | Identified the +1 helmet of Bipt {Int+6}
117136 | Zig:9    | Entered Level 9 of a ziggurat
117150 | Zig:9    | Noticed Meanlohoe the pandemonium lord
117154 | Zig:9    | Reached skill level 1 in Translocations
117168 | Zig:9    | Reached skill level 10 in Necromancy
117174 | Zig:9    | Killed Meanlohoe the pandemonium lord
117741 | Zig:9    | Identified the ring of Fecsuwuf {rF+ rN+}
117744 | Zig:9    | Identified the ring "Itzoenk" {rF+ EV+4}
117772 | Zig:10   | Entered Level 10 of a ziggurat
117784 | Zig:10   | Noticed an ancient lich
117784 | Zig:10   | Noticed an ancient lich
117789 | Zig:10   | Noticed a dread lich
117796 | Zig:10   | Killed an ancient lich
117799 | Zig:10   | Killed an ancient lich
117810 | Zig:10   | Reached skill level 15 in Earth Magic
117813 | Zig:10   | Killed a dread lich
117893 | Zig:10   | Found the +11 plutonium sword {Contam Stlth-}
117906 | Zig:10   | Identified the +0 scale mail "Arovur" {-Tele Harm rElec
                  | Regen+}
117907 | Zig:10   | Identified the +6 dagger of Discretion {holy, rPois rF- rC+
                  | Dex+3}
117912 | Zig:10   | Identified the +6 dagger of the Pits of Slime {vorpal,
                  | rPois Stlth+}
117918 | Zig:11   | Entered Level 11 of a ziggurat
117941 | Zig:11   | Reached skill level 5 in Translocations
118258 | Zig:11   | Identified the +2 halberd of the Pill Bug {freeze, rF+
                  | Int-4 Dex+4}
118272 | Zig:12   | Entered Level 12 of a ziggurat
118280 | Zig:12   | Noticed a dread lich
118296 | Zig:12   | Killed a dread lich
118301 | Zig:12   | Noticed a dread lich
118304 | Zig:12   | Noticed a dread lich
118323 | Zig:12   | Killed a dread lich
118327 | Zig:12   | Killed a dread lich
118645 | Zig:12   | Identified the ring of Cewkolu {rF- rC- AC+4 SInv Stlth+}
118667 | Zig:13   | Entered Level 13 of a ziggurat
119130 | Zig:13   | Found the ring of the Mage {Wiz Will++ Int+3}
119134 | Zig:13   | Identified the ring "Umecsuso" {Str+2 Dex+6}
119155 | Zig:13   | Identified the +4 rapier "Tebrot" {chaos, rF- Dex+4}
119183 | Zig:14   | Entered Level 14 of a ziggurat
119570 | Zig:14   | Noticed a dread lich
119590 | Zig:14   | Killed a dread lich
119691 | Zig:15   | Entered Level 15 of a ziggurat
119809 | Zig:15   | Reached skill level 10 in Translocations
119839 | Zig:15   | Found the +2 hat of the Bear Spirit {Spirit, +Rage rN+
                  | Will++}
120319 | Zig:15   | Identified the +4 flail of Imminent Death {flame, rN+
                  | Stlth+}
120347 | Zig:15   | Learned a level 2 spell: Wereblood
120347 | Zig:15   | Identified the +4 glaive "Vease" {elec, Str+5}
120356 | Zig:16   | Entered Level 16 of a ziggurat
120374 | Zig:16   | Reached skill level 1 in Transmutations
120415 | Zig:16   | Reached skill level 5 in Transmutations
120819 | Zig:16   | Identified the +5 dire flail "Byateuco" {freeze, +Blink
                  | rC++ Int-3}
120820 | Zig:16   | Identified the +6 mace "Goblinbane" {protect, Fly Str-5
                  | Int+6}
120823 | Zig:17   | Entered Level 17 of a ziggurat
121363 | Zig:17   | Identified the ring "Ipieke" {rElec rCorr Dex+7}
121389 | Zig:17   | Identified the +2 war axe of the Boiling Point {pain,
                  | Dex+2}
121401 | Zig:18   | Entered Level 18 of a ziggurat
121708 | Zig:18   | Found the +7 pair of quick blades "Gyre" and "Gimble"
                  | {protect}
121759 | Zig:18   | Found the +3 sling "Punk" {acid, rCorr}
121763 | Zig:18   | Identified the ring "Wotsire" {+Blink rCorr Int-4 Stlth+}
121767 | Zig:18   | Identified the ring "Iptakuase" {Drain MP+9 Int+2 Dex+4}
121770 | Zig:18   | Identified the +1 leather armour "Tuneiz" {rC- rN+ Dex+2}
121771 | Zig:18   | Identified the amulet of Agepsih {RegenMP rPois}
121778 | Zig:18   | Identified the ring "Fofioh" {Fire Str+4}
121806 | Zig:19   | Entered Level 19 of a ziggurat
121811 | Zig:19   | Noticed a royal mummy
121821 | Zig:19   | Killed a royal mummy
121825 | Zig:19   | Noticed a royal mummy
121834 | Zig:19   | Noticed a royal mummy
121840 | Zig:19   | Killed a royal mummy
121842 | Zig:19   | Noticed a royal mummy
121843 | Zig:19   | Noticed a royal mummy
121853 | Zig:19   | Killed a royal mummy
121855 | Zig:19   | Noticed a royal mummy
121873 | Zig:19   | HP: 8/247 [royal mummy/divine providence (8)]
121874 | Zig:19   | Killed a royal mummy
121874 | Zig:19   | Killed by a royal mummy's death curse

Illustrated notes

Levels and vault maps discovered:
D:1:      eino_arrival_tree_alley, layout_loops_ring
D:2:      minmay_door_path, layout_basic
D:3:      kennysheep_the_goblin_king, layout_loops_ring,
          mainiacjoe_overflow_chevrons, basic_ecumenical_altar,
          supply_closet_lemuel, chequers_serial_rivers_large_b, moated_statue
D:4:      layout_basic, minmay_temple_entry_hall
D:5:      layout_loops_ring, kennysheep_okawaru_gauntlet, minmay_fire_ice_demons
D:6:      layout_layer_cave, trog_wizard, st_stairs_6, uniq_menkaure,
          uniq_sigmund
D:7:      layout_gridville, nicolae_dithmenos_the_darkroom,
          minmay_misc_feat_plants, amcnicky_mini_pool_medium
D:8:      layout_rooms, lemuel_coloured_pillars_altar, grunt_gozag_statues,
          jmf_multi_god_temple2
D:9:      layout_small_grid, chequers_serial_rivers_marsh, st_stairs_12,
          corexii_checkpoint_a, roderic_roman_lattice, minmay_misc_feat_x
D:10:     layout_stronghold, kennysheep_little_box, minmay_lair_entry_grove,
          orc_0_dummy, serial_shops, shop, serial_bayou, serial_bayou_lagoon_a,
          serial_bayou_crossing, serial_bayou_pond_d, serial_bayou_shore_b
D:11:     layout_roguey
D:12:     layout_roguey, uniq_urug, uniq_snorg
D:13:     layout_basic, st_stairs_2
D:14:     layout_layer_cave, lightli_vaults_fourway_checkpoint, serial_shops,
          bzr_firewalk
D:15:     hangedman_slaughterboxes, serial_shops
Temple:   dshaligram_water_room_temple
Lair:1:   layout_hall_layers
Lair:2:   layout_chaotic_city
Lair:3:   layout_hall_layers, swamp_mist, enter_volcano_3,
          chequers_serial_rivers_micro_c
Lair:4:   layout_regular_city, spider_nest_entry_a, kennysheep_basilisk_garden
Lair:5:   layout_regular_city
Lair:6:   grunt_lair_end_beastmaster, layout_gridlike, slime_altar_1
Swamp:1:  layout_basic_swamp, evilmike_swamp_ruin_house_4,
          infiniplex_staircase_pool_2
Swamp:2:  layout_basic_swamp, ebering_ghost_rock_garden,
          evilmike_swamp_ruin_house_5, swamp_pool4, nicolae_swamp_snake_nest,
          uniq_frances
Swamp:3:  layout_basic_swamp, nicolae_swamp_treefoil, swamp_pool2, uniq_louise
Swamp:4:  swamp_fiery, layout_basic_swamp
Spider:1: layout_chambers
Spider:2: layout_spider_delve, gammafunk_ghost_split
Spider:3: layout_spider_delve
Spider:4: spider_rune_water, nicolae_spider_orb_run, uniq_roxanne
Orc:1:    layout_diamond_mine, basic_altar
Orc:2:    st_orc_ogre_mass, layout_caves, serial_shops, nicolae_shop_waterfront,
          mines2_david
Elf:1:    nicolae_elf_arrival_no_cutting_in_line, layout_loops_corners,
          minmay_elf_demonology, uniq_nikola, uniq_asterion, uniq_agnes
Elf:2:    elven_hall_of_blades_hangedman_original
          [nicolae_blade_entry_splitting_headache], layout_onion_city,
          serial_shops, nicolae_diamond_shop
Elf:3:    minmay_elf_hall_dome, layout_gridlike,
          serial_sigils_hangedman_confine, uniq_bai_suzhen, uniq_saint_roka
Vaults:1: hangedman_vaults_pinch, nicolae_vaults_inception_statues,
          vaults_mumra_minichess_inversion, gammafunk_sealed_arena,
          vaults_room_semicircle, vaults_room_hallway,
          ontoclasm_vaults_loading_screen, vaults_standard_mumra_lines,
          vaults_room_door_hall, layout_vaults_omnigrid
Vaults:2: gammafunk_vaults_ghost_cemetery, st_star, nicolae_vaults_little_ls,
          ontoclasm_vaults_decontamination, v_misc_13,
          nicolae_vaults_ring_of_whatevers, hangedman_vaults_capsules,
          hangedman_vaults_slice, nicolae_vaults_network_quinsquares
          [nicolae_vaults_network_quincunx_subvault,
          nicolae_vaults_network_quincunx_subvault,
          nicolae_vaults_network_quincunx_subvault,
          nicolae_vaults_network_quincunx_subvault], v_misc_8,
          hangedman_vaults_locks, vaults_room_hallway, layout_vaults_omnicross
Vaults:3: ebering_vaults_ghost_inner_flame, minmay_crypt_entry_necro_gods,
          v_alt_pattern_4, hangedman_vaults_river_flow, v_misc_19, v_rooms_5,
          nicolae_vaults_alarming, v_misc_29, nicolae_vaults_yaktaur_gun_rack,
          layout_vaults_chaotic_city, nicolae_trove_entry_path_of_doom
Vaults:4: grunt_vaults_funnel, hangedman_vaults_slice, v_rooms_6, v_misc_29,
          vaults_mumra_chevron, vaults_dpeg_doors, v_misc_23, v_misc_17,
          nicolae_vaults_little_squares_4, hangedman_vaults_stretched_pinwheel,
          vaults_room_pools, layout_vaults_omnibox, serial_shops,
          nicolae_square_shop
Vaults:5
Crypt:1:  layout_chaotic_city, gammafunk_ghost_cemetery, corner_web_ring,
          grunt_crypt_arrival_webbed, uniq_mara
Crypt:2:  layout_gridlike, basic_altar, grunt_ministairs_13
Crypt:3:  lightli_unholy_cathedral, layout_chaotic_city,
          minmay_guarded_unrand_skullcrusher
Depths:1: layout_gridlike, serial_shops, shop, nicolae_diamond_shop,
          nicolae_shop_statue_plus, shop, serial_bayou_pond_a,
          marbit_kobold_abyss_entry, hell_entry, nicolae_sif_muna_little_library
Depths:2: minmay_the_grid_triangle_9x9_rhombus_full
          [minmay_the_grid_triangle_9x9_fully_insulated_deathbox,
          minmay_the_grid_triangle_9x9_dagger,
          minmay_the_grid_triangle_9x9_warning,
          minmay_the_grid_triangle_9x9_windchime,
          minmay_the_grid_triangle_9x9_swiss_cheese,
          minmay_the_grid_triangle_9x9_pentomino_pain,
          minmay_the_grid_triangle_9x9_negative_grid,
          minmay_the_grid_triangle_9x9_prize_center], layout_honeycomb,
          hell_entry, serial_bayou_pond_c, uniq_aizul
Depths:3: wad_courtyard, layout_honeycomb, pf_vacation_house_of_asmodeus,
          serial_co_window_serial, co_window_paths_b,
          co_window_of_opportunity_a, co_window_of_opportunity_a,
          co_window_corner_a, co_window_of_opportunity_a, co_window_2corner,
          co_window_of_opportunity_b, co_window_2corner, co_window_2corner,
          co_window_paths_e, glass_columns_b, glass_columns_b, glass_columns_b,
          glass_columns_a, abyss_entry, pan_entry, uniq_margery
Depths:4: minmay_skeletal_surprise, layout_honeycomb, hell_entry,
          minmay_staircase_bubble, nicolae_abyss_entry_one_way_or_another,
          hangedman_decor_opposing
Depths:5: grunt_zot_entry_funnels, layout_basic, enter_ziggurat_a, hell_entry,
          nicolae_qazlal_general_emergency, uniq_mennas
Hell
Tar:1:    layout_catacombs, nicolae_tar_cuneiform_two,
          hangedman_tartarus_temple_path
Tar:2:    layout_grid_maze
Zot:1:    regret_index_qazlal_generations, layout_twisted_circle,
          hangedman_zot_wheel_spokes
Zot:2:    layout_misc_corridors, lemuel_flame_loot_1, lemuel_elevator
Zot:3:    layout_misc_corridors
Zot:4:    layout_twisted_circle
Zot:5:    layout_gridlike, gammafunk_ghost_split
Zig:19:   ziggurat_pillar_d, ziggurat_pillar_d, ziggurat_pillar_d,
          ziggurat_pillar_d

Skill      XL: |  1  2  3  4  5  6  7  8  9 10 11 12 13 14 15 16 17 18 19 20 21 22 23 24 25 26 27 |
---------------+----------------------------------------------------------------------------------+-----
Polearms       | 3 4 5 7 8 10 11 12 14 16 17 18 19 20 26 | 26.0
Shields        | 4 8 9 11 14 15 17 18 20 | 20.0
Throwing       | 3 5 7 10 11 14 16 17 20 | 20.0
Fighting       | 5 8 10 11 13 14 15 17 18 19 20 21 22 26 | 26.6
Evocations     | 5 8 10 13 16 18 20 | 20.0
Dodging        | 4 5 6 9 10 17 | 17.2
Armour         | 6 10 11 12 15 20 | 20.0
Spellcasting   | 19 | 19.3
Earth Magic    | 16 | 16.3
Necromancy     | 13 | 13.8
Translocations | 11 | 11.0
Transmutations | 14 | 14.8

Action                   |  1- 3 |  4- 6 |  7- 9 | 10-12 | 13-15 | 16-18 | 19-21 | 22-24 | 25-27 || total
-------------------------+-------+-------+-------+-------+-------+-------+-------+-------+-------++-------
Melee: Trident           |   151 |   187 |   222 |   504 |  1045 |  1501 |  1682 |   114 |       ||  5406
       Spear             |       |       |    38 |       |       |       |       |       |       ||    38
       Halberd           |       |       |       |       |       |       |       |  1005 |  1265 ||  2270
       Trishula          |       |       |       |       |       |       |       |       |  3655 ||  3655
       Bardiche          |       |       |       |       |       |       |       |       |   761 ||   761
       Lance             |       |       |       |       |       |       |       |       |   322 ||   322
Throw: Dart              |       |       |       |       |     6 |       |     1 |     1 |     1 ||     9
       Boomerang         |       |       |       |       |     4 |       |     4 |    11 |    48 ||    67
       Javelin           |       |       |       |       |     3 |     2 |     5 |    12 |    89 ||   111
 Cast: Borgnjor's Vile C |       |       |       |       |       |       |       |       |    11 ||    11
       Wereblood         |       |       |       |       |       |       |       |       |     3 ||     3
Invok: Call Merchant     |       |       |       |       |     3 |     1 |     1 |       |     8 ||    13
       Potion Petition   |       |       |       |       |       |       |     3 |     5 |    18 ||    26
       Bribe Branch      |       |       |       |       |       |       |       |     1 |       ||     1
 Abil: Dig               |       |       |     1 |     1 |       |       |       |       |    30 ||    32
       Shaft Self        |       |       |       |       |       |       |       |       |     1 ||     1
Evoke: Wand              |       |       |     9 |     1 |     2 |       |     3 |     5 |     1 ||    21
       Condenser vane    |       |       |       |       |       |       |     3 |     3 |    16 ||    22
       Phantom mirror    |       |       |       |       |       |       |       |       |     7 ||     7
       Box of beasts     |       |       |       |       |       |       |       |       |     6 ||     6
       Tin of tremorston |       |       |       |       |       |       |       |       |     6 ||     6
       Lightning rod     |       |       |       |       |       |       |       |       |     1 ||     1
  Use: Scroll            |     5 |     5 |     5 |    12 |     4 |     7 |     3 |     4 |    29 ||    74
       Potion            |       |       |       |       |       |       |     3 |     2 |    40 ||    45
 Stab: Paralysed         |       |       |     4 |     6 |       |       |       |       |     1 ||    11
       Distracted        |       |       |       |     2 |     7 |     8 |     9 |     6 |    67 ||    99
       Invisible         |       |       |       |     2 |     7 |    19 |     4 |       |    10 ||    42
       Petrified         |       |       |       |       |     4 |       |       |       |       ||     4
       Petrifying        |       |       |       |       |       |       |       |       |     1 ||     1
Armor: Scale mail        |    49 |    71 |       |       |       |       |       |       |       ||   120
       Chain mail        |       |     4 |    71 |    63 |    82 |       |       |       |       ||   220
       Plate armour      |       |       |       |       |    85 |   132 |       |       |       ||   217
       Gold dragon scale |       |       |       |       |       |   220 |   327 |   292 |  1472 ||  2311
       Skin              |       |       |       |       |       |       |       |       |     1 ||     1
Dodge: Dodged            |    49 |    62 |    53 |    52 |   231 |   252 |   246 |   237 |   764 ||  1946
Block: Kite shield       |    77 |    81 |    94 |   114 |   177 |       |       |       |       ||   543
       Tower shield      |       |       |       |       |   230 |  1208 |  1229 |  1002 |  4167 ||  7836
